 Dungeon Crawl Stone Soup version 0.22-b1-21-g5cfc168 (webtiles) character file.

102 tyranidshit the Skirmisher (level 4, 0/35 HPs)
             Began as a Demonspawn Abyssal Knight on Aug 4, 2018.
             Was a Believer of Lugonu.
             Slain by a white imp (4 damage)
             ... summoned by Natasha
             ... on level 3 of the Dungeon.
             The game lasted 00:04:01 (1956 turns).

tyranidshit the Skirmisher (DsAK)                   Turns: 1956, Time: 00:04:02

Health: 0/35       AC:  4    Str: 14    XL:     4   Next: 50%
Magic:  5/5        EV: 11    Int: 13    God:    Lugonu [**....]
Gold:   145        SH:  0    Dex: 12    Spells: 3/3 levels left

rFire    . . .     SeeInvis .   a - +1 hand axe
rCold    . . .     Gourm    .   (no shield)
rNeg     . . .     Faith    .   b - +0 leather armour
rPois    .         Spirit   .   (no helmet)
rElec    .         Reflect  .   f - +0 cloak
rCorr    .         Harm     .   (no gloves)
MR       .....                  (no boots)
Stlth    +.........             (no amulet)
HPRegen  0.11/turn              (no ring)
MPRegen  0.09/turn              (no ring)

@: no status effects
A: frail 1, sense surroundings 1, powered by death 1
a: Depart the Abyss, Bend Space, Renounce Religion


You were on level 3 of the Dungeon.
You worshipped Lugonu.
Lugonu was pleased with you.
You were not hungry.

You visited 1 branch of the dungeon, and saw 3 of its levels.
You visited the Abyss 1 time.

You collected 145 gold pieces.

Inventory:

Hand Weapons
 a - a +1 hand axe (weapon)
Armour
 b - a +0 leather armour (worn)
 f - a +0 cloak (worn)
Scrolls
 d - 6 scrolls of teleportation
 e - 3 scrolls of identify
 g - a scroll of amnesia
Potions
 h - a potion of degeneration {unknown}
Comestibles
 c - 6 rations


   Skills:
 + Level 5.3 Fighting
 - Level 1.7 Axes
 - Level 1.7 Armour
 - Level 0.8 Dodging
 - Level 2.4 Invocations


You had 3 spell levels left.
You didn't know any spells.
Your spell library was empty.

Dungeon Overview and Level Annotations

Branches:
Dungeon (3/15)

Altars:
Cheibriados
Dithmenos
Okawaru
Qazlal
Zin

Annotations:
D:3 Natasha


Innate Abilities, Weirdness & Mutations

You regenerate a little health from kills.
You are frail. (-10% HP)
You passively map a small area around you.


Message History

The white imp gestures at you. The puff of frost hits you!
You hit Natasha.
Natasha is lightly wounded.
Natasha closely misses you.
The white imp grins evilly.
Natasha claws you.
* * * LOW HITPOINT WARNING * * *
You barely miss Natasha.
Natasha is lightly wounded.
You barely miss the white imp. The white imp barely misses you.
Natasha barely misses you.
Unknown command.
You barely miss Natasha. You hit the white imp but do no damage.
The white imp barely misses you. Natasha barely misses you.
Unknown command.
You closely miss Natasha. You hit the white imp. The white imp hits you.
* * * LOW HITPOINT WARNING * * *
The white imp freezes you.
You die...

#.....<...#...# ##..........
#....>........####..##.##....
#..................###.##..##
#............###.............
##...............###.........
##.....#....###.............
#######....###.............
##..h5......>.#.##...#
####....@.#####....##.#..
###......#### ##.........
#....##### ######...#####.
#######.#..# #........# #.
........#.## #........# *.
...5......# #........## .
........### #.........####.
...h....# #..............
.....h..# #..............


You could see Natasha and a white imp.

Vanquished Creatures
  3 adders (D:2)
  2 oozes (D:2)
  3 worms
  2 dart slugs
  3 leopard geckos
  3 orcs (D:3)
  2 giant cockroaches
  2 goblins
  3 hobgoblins
  2 jackals (D:2)
  7 bats
  7 frilled lizards
  8 kobolds
  7 rats
54 creatures vanquished.

Notes
Turn   | Place    | Note
-------+----------+-------------------------------------------
     0 | Abyss:1  | tyranidshit the Demonspawn Abyssal Knight began the quest for the Orb.
     0 | Abyss:1  | Reached XP level 1. HP: 18/18 MP: 2/2
    20 | Abyss:1  | Noticed a small abomination
    33 | D:1      | Escaped the Abyss
    43 | D:1      | You fall through a shaft!
   116 | D:1      | Gained mutation: You regenerate a little health from kills. [demonic ancestry]
   116 | D:1      | Reached XP level 2. HP: 10/24 MP: 3/3
   195 | D:1      | Reached * piety under Lugonu
   424 | D:1      | Reached skill level 4 in Fighting
   587 | D:1      | Gained mutation: You are frail. (-10% HP) [potion of mutation]
   587 | D:1      | Gained mutation: You passively map a small area around you. [potion of mutation]
   652 | D:2      | Reached XP level 3. HP: 3/27 MP: 4/4
  1149 | D:2      | Reached XP level 4. HP: 15/34 MP: 5/5
  1417 | D:2      | Reached skill level 5 in Fighting
  1481 | D:2      | Reached ** piety under Lugonu
  1604 | D:2      | Found a snail-covered altar of Cheibriados.
  1807 | D:3      | Found a glowing silver altar of Zin.
  1813 | D:3      | Found an iron altar of Okawaru.
  1815 | D:3      | Found a shadowy altar of Dithmenos.
  1846 | D:3      | Found a stormy altar of Qazlal.
  1933 | D:3      | Noticed Natasha
  1956 | D:3      | Slain by a white imp

Skill      XL: |  1  2  3  4 |
---------------+-------------+-----
Fighting       | 4 5 |  5.3
Axes           | |  1.7
Armour         | |  1.7
Dodging        | |  0.8
Invocations    | |  2.4

Action                   |  1- 3 |  4- 6 || total
-------------------------+-------+-------++-------
Melee: Hand axe          |   115 |    76 ||   191
Invok: Depart the Abyss  |     1 |       ||     1
  Use: Scroll            |     4 |     1 ||     5
       Potion            |     4 |       ||     4
  Eat: Ration            |     1 |       ||     1
Armor: Leather armour    |    44 |    19 ||    63
Dodge: Dodged            |    99 |    51 ||   150
